 Dungeon Crawl Stone Soup version 0.31-a0-986-g5e6e4ef867 (webtiles) character file.

Game seed: 7726734900888527935

1772 Forgeling the Grappler (level 8, -2/71 HPs)
             Began as a Troll Shapeshifter on Nov 13, 2023.
             Was a Believer of Nemelex Xobeh.
             Slain by an orc
             ... wielding a +0 short sword
              (4 damage)
             ... on level 6 of the Dungeon.
             The game lasted 00:10:00 (5092 turns).

Forgeling the Grappler (Troll Shapeshifter)         Turns: 5092, Time: 00:10:00

Health: -2/71      AC:  4    Str: 23 (25) XL:     8   Next: 80%
Magic:  10/10      EV:  9    Int:  5 (6)  God:    Nemelex Xobeh [**....]
Gold:   267        SH:  0    Dex:  7 (9)  Spells: 7/7 levels left

rFire   . .          .
                       - Unarmed
rCold   + . .        (no shield)
rNeg    . . .        a - +0 animal skin
rPois   .            (helmet currently unavailable)
rElec   .            (cloak currently unavailable)
rCorr   +            (gloves unavailable)
SInv    .            (boots unavailable)
Will    .....        (no amulet)
Stlth   +            r - ring of resist corrosion
HPRegen 1.11/turn    z - ring of protection from cold
MPRegen 0.12/turn

%: no passive effects
@: confused, lethally poisoned (-2 -> -9), beast-form, ambrosia-drunk
A: beast (slay +1), large, unfitting armour, claws 3, regeneration 1, shaggy fur
1, tough skin 1
a: Begin Untransformation, Renounce Religion, Draw Escape, Draw Destruction,
Draw Summoning


You were on level 6 of the Dungeon.
You worshipped Nemelex Xobeh.
Nemelex Xobeh was pleased with you.
You were a hulking beast.
You visited 2 branches of the dungeon, and saw 8 of its levels.

You collected 267 gold pieces.

Inventory:

Missiles
 h - a boomerang
 t - 15 poisoned darts
 w - 6 javelins
 A - 3 large rocks (quivered)
 C - 5 silver javelins
Armour
 a - a +0 animal skin (worn)
 l - a +0 cloak
 u - a +0 cloak
Jewellery
 r - a ring of resist corrosion (left claw)
 z - a ring of protection from cold (right claw)
Talismans
 d - a flux talisman
 k - a beast talisman
 n - a maw talisman
Wands
 e - a wand of charming (1)
 q - a wand of flame (13)
Scrolls
 b - a scroll of enchant armour {unknown}
 f - 2 scrolls of fog {unknown}
 g - a scroll of torment {unknown}
 j - a scroll of revelation {unknown}
 m - a scroll of amnesia {unknown}
 o - a scroll of blinking {unknown}
 s - 2 scrolls of immolation {unknown}
 v - 2 scrolls of vulnerability {unknown}
 y - a scroll of enchant weapon {unknown}
 B - a scroll of brand weapon {unknown}
Potions
 c - a potion of degeneration
 i - a potion of magic {unknown}
 p - a potion of might {unknown}
 x - a potion of brilliance {unknown}
 G - a potion of ambrosia
 H - 4 potions of haste
 U - a potion of mutation
 W - a potion of lignification


   Skills:
 + Level 1.6 Fighting
 - Level 1.5 Dodging
 + Level 10.1 Unarmed Combat
 - Level 5.0 Invocations
 - Level 3.0 Shapeshifting


You had 7 spell levels left.
You didn't know any spells.
Your spell library contained the following spells:

 Spells                   Type           Power      Damage    Failure   Level
 Magic Dart               Conj           0%         1d3       47%         1
 Summon Small Mammal      Summ           0%         N/A       47%         1
 Searing Ray              Conj           0%         2d4       63%         2
 Call Canine Familiar     Summ           0%         N/A       85%         3
 Summon Guardian Golem    Hex/Summ       0%         N/A       85%         3
 Fulminant Prism          Conj/Hex       0%         3d5       99%         4


Dungeon Overview and Level Annotations

Branches:
Dungeon (7/15)             Temple (1/1) D:4

Altars:
Ashenzari
Cheibriados
Dithmenos
Elyvilon
Fedhas
Hepliaklqana
Kikubaaqudgha
Makhleb
Nemelex Xobeh
Okawaru
Qazlal
Ru
Sif Muna
Trog
Vehumet
Zin
The Shining One

Annotations:
D:4 3 runed translucent doors, GreenGuy14's ghost, amateur MiFi


Innate Abilities, Weirdness & Mutations

You are a hulking beast.
Your limbs bulge with bestial killing power. (Slay +1)
You are too large for most types of armour.
You have claws for hands.
Your natural rate of healing is unusually fast.
You are covered in fur. (AC +1)
You have tough skin. (AC +1)


Message History

* * * LOW HITPOINT WARNING * * *
You are poisoned.
Something hits you.
* * * LOW HITPOINT WARNING * * *
You draw a card...
You have drawn the Illusion.
Suddenly you stand beside yourself. The orc hits you with a +0 short sword.
* * * LOW HITPOINT WARNING * * *
Something hits you.
* * * LOW HITPOINT WARNING * * *
You are more poisoned.
Something hits you.
* * * LOW HITPOINT WARNING * * *
You are confused.
You feel invigorated.
You feel very sick. Something hits you.
* * * LOW HITPOINT WARNING * * *
You are lethally poisoned!
You hear some strange, mumbled words.
A puff of flame appears from out of thin air!
The puff of flame hits you!
* * * LOW HITPOINT WARNING * * *
Okay, then.
Unknown command.
Unknown command.
* * * LOW HITPOINT WARNING * * *
You feel very sick. Something hits you.
* * * LOW HITPOINT WARNING * * *
You are more poisoned.
Forgeling's illusion barely misses something.
It was a potion of degeneration.
There was something very wrong with that liquid.
You feel weakened.
You feel dopey.
You feel clumsy.
c - a potion of degeneration;
k - a beast talisman
* * * LOW HITPOINT WARNING * * *
You feel very sick. The orc hits you with a +0 short sword.
You die...
Your body disappears without a glow.

##...## #...# ##. ###...## #..##
##.. ##...# ##..### ##... ##..##
##.....### ##.... #
#...#####........### ###..... ###
##....##...........###.......
..####......................#....
...............{{>..####...###...
............##.@ho..## ##..# ##..
..........†.#####....# #..# ##..
............# ###..## #..###...
............## #...# ##..#....
....#........# ##..## #.....##
...####......# #...###...### ..##
##.....## ##....#...## ..#
##.....# #......>.## ..##
#.....## #.......##


You could see an orc (ally target) and the friendly Forgeling's illusion
(summoned, very poisoned).

Vanquished Creatures
  A wyvern (D:6)
  A water moccasin (D:4)
  2 black bears
  2 ice beasts
  3 scorpions
  3 killer bees (D:6)
  A howler monkey (D:6)
  3 hounds
  4 orc priests
  A jelly (D:6)
  A sleepcap (D:5)
  4 orc wizards
  Natasha (twice) (D:4)
  2 iguanas
  Robin (D:4)
  8 gnolls
  3 adders
  2 shadow imps
  2 ufetubi (D:5)
  2 worms
  6 dart slugs
  14 orcs
  5 ball pythons
  10 endoplasms
  3 giant cockroaches
  6 hobgoblins
  3 jackals (D:4)
  A quokka (D:2)
  5 bats
  2 frilled lizards
  20 goblins
  2 kobolds
  2 rats
127 creatures vanquished.

Vanquished Creatures (collateral kills)
  2 killer bees (D:6)
2 creatures vanquished.

Vanquished Creatures (others)
  A killer bee (D:6)
1 creature vanquished.

Grand Total: 130 creatures vanquished

Notes
Turn   | Place    | Note
-------+----------+-------------------------------------------
     0 | D:1      | Forgeling the Troll Shapeshifter began the quest for the
                  | Orb.
     0 | D:1      | Reached XP level 1. HP: 18/18 MP: 0/0
   517 | D:2      | Reached XP level 2. HP: 25/26 MP: 1/1
   897 | D:2      | Reached skill level 4 in Unarmed Combat
   967 | D:2      | Reached XP level 3. HP: 28/32 MP: 2/2
  1281 | D:3      | Reached skill level 5 in Unarmed Combat
  1281 | D:3      | Reached XP level 4. HP: 20/40 MP: 3/3
  1349 | D:2      | Reached XP level 5. HP: 7/46 MP: 4/4
  2081 | D:4      | Reached skill level 6 in Unarmed Combat
  2184 | D:4      | Found a staircase to the Ecumenical Temple.
  2254 | Temple   | Entered the Ecumenical Temple
  2258 | Temple   | Became a worshipper of Nemelex Xobeh the Trickster
  2337 | D:4      | Reached XP level 6. HP: 46/54 MP: 5/5
  2353 | D:4      | Noticed a water moccasin
  2365 | D:4      | Reached skill level 7 in Unarmed Combat
  2369 | D:4      | Killed a water moccasin
  2522 | D:4      | Found a runed translucent gate.
  2523 | D:4      | Found a runed translucent gate.
  2524 | D:4      | Found a runed translucent gate.
  2524 | D:4      | Noticed GreenGuy14's ghost (amateur MiFi)
  2654 | D:4      | Reached skill level 8 in Unarmed Combat
  2772 | D:4      | Found a burning altar of Makhleb.
  2917 | D:4      | Noticed Natasha
  2954 | D:4      | Killed Natasha
  2955 | D:4      | Reached XP level 7. HP: 59/61 MP: 6/6
  3024 | D:4      | Noticed Robin
  3082 | D:4      | Killed Robin
  3293 | D:4      | Noticed Natasha
  3307 | D:4      | Killed Natasha
  3350 | D:5      | Entered Level 5 of the Dungeon
  3410 | D:5      | Reached * piety under Nemelex Xobeh
  3567 | D:5      | Reached skill level 9 in Unarmed Combat
  3821 | D:6      | Reached XP level 8. HP: 47/68 MP: 7/7
  3978 | D:6      | Received a gift from Nemelex Xobeh
  3995 | D:6      | Reached skill level 10 in Unarmed Combat
  3999 | D:6      | HP: 1/68 [killer bee (6)]
  4004 | D:6      | Reached skill level 1 in Invocations
  4302 | D:6      | Reached ** piety under Nemelex Xobeh
  4565 | D:6      | Reached skill level 5 in Invocations
  4565 | D:6      | Reached skill level 1 in Fighting
  4621 | D:6      | Received a gift from Nemelex Xobeh
  4638 | D:6      | Found a radiant altar of Vehumet.
  4638 | D:6      | Found a stormy altar of Qazlal.
  4987 | D:7      | Identified the "Uwenkat"
  5090 | D:6      | HP: 2/71 [something/puff of flame (7)]
  5092 | D:6      | Slain by an orc

Illustrated notes

Levels and vault maps discovered:
D:1:      dpeg_arrival_long_road, layout_rooms
D:2:      kennysheep_six_static_rooms, layout_basic
D:3:      layout_basic, hangedman_abyss_or_decor_stabs
D:4:      kennysheep_goblin_castle, layout_basic, mainiacjoe_overflow_brackets,
          temple_fountains, gammafunk_ghost_nasty_kobolds,
          amcnicky_mini_pool_small, uniq_natasha
D:5:      layout_rooms
D:6:      layout_layer_cave, mainiacjoe_overflow_large_starburst
D:7:      layout_rooms, xom_shifter_show
Temple:   zaba_magenta_temple

Skill      XL: |  1  2  3  4  5  6  7  8 |
---------------+-------------------------+-----
Unarmed Combat | 4 5 6 8 9 10 | 10.1
Invocations    | 5 |  5.0
Fighting       | 1 |  1.6
Dodging        | |  1.5
Shapeshifting  | |  3.0

Action                     |  1- 3 |  4- 6 |  7- 9 || total
---------------------------+-------+-------+-------++-------
  Melee: Unarmed           |    53 |   113 |   167 ||   333
         Punch             |       |     4 |     4 ||     8
 Invoke: Draw Summoning    |       |       |     1 ||     1
  Evoke: Wand              |       |       |     2 ||     2
    Use: Potion            |       |     1 |     7 ||     8
         Scroll            |       |       |     2 ||     2
 Armour: Animal skin       |    34 |    88 |   176 ||   298
         Skin              |       |     9 |       ||     9
  Dodge: Dodged            |    20 |    43 |    84 ||   147

Table legend: (Time is in decaauts)
 A = Elapsed time spent in this place.
 B = Non-inter-level travel time spent in this place.
 C = Inter-level travel time spent in this place.
 D = Time resting spent in this place.
 E = Time spent auto-exploring this place.
 F = Levels seen in this place.
 G = Mean time per level.
                   A        B        C        D        E       F      G
               +--------+--------+--------+--------+--------+-----+--------+
         Total |   5049 |   4865 |    184 |    172 |   3647 |   8 |  631.1 |
       Dungeon |   5040 |   4863 |    177 |    172 |   3647 |   7 |  720.0 |
        Temple |      8 |      1 |      7 |      0 |      0 |   1 |    8.0 |
               +--------+--------+--------+--------+--------+-----+--------+

Top non-repeatable levels by time:
     D:4: 1266 daAuts
     D:6: 1173 daAuts
     D:2: 936 daAuts
     D:3: 741 daAuts
     D:5: 486 daAuts
     D:1: 374 daAuts
     D:7: 61 daAuts
  Temple: 8 daAuts
